Map: Lost and Found LE

Players

Elazer - Winner!

  • Race: Zerg Zerg
  • Spawn Location: 1:00

TheoRy

  • Race: Protoss Protoss
  • Spawn Location: 7:00

Event: WCS Austin 2018

VOD

Have the link to the VOD?

Description

Time

  • Played on: June 1, 2018, 4:19 p.m.
  • Length: 11:19

All games in this series

Show
View Real Time Build Order
Export as new Build Order

Elazer Zerg - Winner!

Build Orders: Hatch First 

Get SALT Encoding   

  12  0:00  Drone  
  13  0:12  Overlord  
  13  0:17  Drone  
  14  0:30  Drone x2  
  16  0:47  Hatchery  
  15  0:51  Drone  
  15  0:54  Drone  
  17  0:58  Drone  
  18  1:11  Spawning Pool  
  18  1:14  Drone  
  18  1:23  Drone  
  19  1:34  Drone  
  19  1:35  Extractor  
  19  1:39  Drone  
  20  1:52  Hatchery  
  20  1:54  Drone  
  21  2:02  Spawning Pool  
  21  2:07  Queen  
  22  2:13  Overlord  
  22  2:32  Drone x2  
  22  2:33  Drone  
  25  2:50  Roach Warren  
  24  2:52  Drone  
  25  3:04  Queen  
  25  3:05  Zergling x2  
  28  3:23  Drone x2  
  29  3:36  Roach x3  
  35  3:41  Hatchery, Lair  
  34  3:52  Drone x2  
  34  3:54  Overlord  
  34  4:03  Overlord  
  33  4:25  Roach x4, Extractor  
  33  4:28  Zergling x2  
  41  4:42  Overlord  
  38  4:54  Spire  
  38  4:56  Zergling x8  
  40  5:01  Queen  
  40  5:11  Zergling x2  
  40  5:12  Zergling x4  
  43  5:18  Metabolic Boost  
  43  5:26  Zergling x4  
  45  5:34  Overlord  
  45  5:42  Zergling x2  
  46  5:43  Zergling x4  
  46  5:49  Zergling x4  
  50  6:10  Mutalisk x3  
  51  6:24  Drone x4  
  56  6:29  Mutalisk  
  57  6:36  Drone x2  
  57  6:40  Drone  
  57  6:42  Drone  
  59  6:48  Mutalisk  
  59  6:51  Drone  
  62  6:54  Drone  
  62  6:58  Drone  
  62  6:59  Drone  
  65  7:06  Drone x2  
  63  7:27  Mutalisk  
  63  7:28  Mutalisk  
  62  7:32  Queen  
  64  7:38  Drone x2  
  64  7:39  Drone  
  64  7:41  Extractor  
  64  7:42  Hatchery, Drone x2, Extractor  
  66  7:44  Drone  
  66  7:51  Overlord  
  67  8:05  Overlord  
  67  8:11  Mutalisk  
  67  8:12  Mutalisk  
  71  8:13  Drone x4  
  75  8:20  Overlord  
  75  8:22  Queen  
  75  8:24  Mutalisk  
  79  8:30  Mutalisk  
  81  8:37  Mutalisk  
  83  8:47  Drone x3  
  83  8:54  Drone x4  
  83  9:03  Mutalisk  
  83  9:04  Mutalisk  
  83  9:06  Mutalisk  
  83  9:09  Overlord  
  89  9:10  Overlord  
  89  9:16  Roach  
  91  9:29  Roach x5  
  91  9:30  Roach  
  100  9:31  Drone  
  100  9:35  Drone x2  
  103  9:39  Roach  
  103  9:43  Roach  
  103  9:44  Roach  
  107  9:57  Roach x4  
  113  10:04  Overlord x2  
  113  10:07  Overlord  
  113  10:12  Overlord  
  113  10:24  Ravager x4  
  113  10:25  Ravager, Zergling x8  
  122  10:30  Ravager, Zergling x8  
  122  10:35  Ravager  
  128  10:37  Zergling x6  
  128  10:41  Roach x2  
  135  10:44  Roach  
  129  10:52  Zergling x2  
  129  10:53  Zergling x8  
Show
View Real Time Build Order
Export as new Build Order

TheoRy Protoss 

Build Orders: Cannon Rush 

Get SALT Encoding   

  12  0:00  Probe  
  13  0:12  Probe  
  14  0:19  Pylon  
  14  0:24  Probe  
  15  0:33  Probe  
  15  0:38  Forge  
  15  0:41  Probe  
  17  0:51  Probe  
  18  1:09  Pylon  
  18  1:14  Probe  
  18  1:15  Pylon  
  18  1:16  Pylon  
  19  1:27  Photon Cannon  
  19  1:30  Pylon  
  19  1:33  Photon Cannon  
  19  1:38  Photon Cannon  
  19  1:49  Assimilator  
  19  1:54  Gateway  
  19  1:55  Probe  
  20  2:02  Pylon  
  20  2:07  Assimilator  
  20  2:17  Probe  
  20  2:18  Assimilator  
  22  2:30  Probe  
  22  2:42  Cybernetics Core  
  22  2:44  Probe  
  22  2:46  Photon Cannon  
  22  2:49  Photon Cannon  
  23  2:57  Photon Cannon  
  23  3:01  Photon Cannon  
  23  3:05  Probe  
  23  3:11  Stalker  
  24  3:21  Warp Gate  
  24  3:22  Probe  
  27  3:40  Stalker  
  29  3:41  Robotics Facility  
  29  3:47  Pylon  
  28  4:01  Stalker  
  28  4:02  Pylon  
  30  4:28  Gateway  
  30  4:30  Immortal, Robotics Bay  
  34  4:52  Probe  
  35  4:59  Warp Prism  
  35  5:15  Nexus  
  35  5:32  Gateway  
  35  5:33  Probe, Disruptor  
  36  5:39  Pylon  
  36  5:46  Sentry  
  42  5:50  Probe  
  42  5:57  Stalker  
  42  6:03  Gravitic Drive  
  44  6:15  Adept  
  46  6:20  Probe  
  47  6:26  Assimilator  
  47  6:32  Probe  
  46  6:41  Shield Battery  
  46  6:43  Photon Cannon  
  46  6:45  Photon Cannon  
  44  6:47  Shield Battery  
  44  6:52  Sentry  
  46  6:56  Stalker  
  46  7:00  Probe  
  47  7:04  Probe  
  44  7:12  Sentry, Probe  
  47  7:16  Probe  
  47  7:19  Sentry  
  50  7:24  Probe  
  50  7:26  Stalker  
  50  7:28  Probe  
  49  7:33  Shield Battery  
  49  7:37  Probe  
  50  7:40  Probe  
  50  7:42  Stargate  
  51  7:49  Probe  
  52  7:52  Probe  
  52  7:53  Stalker  
  55  8:01  Probe  
  55  8:05  Probe  
  57  8:12  Assimilator, Adept  
  59  8:13  Probe  
  59  8:15  Adept  
  62  8:22  Pylon  
  62  8:25  Pylon  
  62  8:35  Warp Prism  
  62  8:37  Pylon  
  62  8:40  Phoenix, Probe x2  
  66  8:55  Adept  
  66  8:56  Adept  
  66  8:57  Phoenix  
  66  9:00  Sentry  
  72  9:14  Colossus, Pylon  
  78  9:26  Probe  
  78  9:30  Phoenix  
  78  9:31  Probe  
  78  9:37  Zealot  
  76  9:41  Stalker  
  76  9:56  Phoenix  
  76  9:57  Stalker x2  
  82  10:02  Pylon  
  82  10:04  Sentry  
  84  10:16  Pylon  
  84  10:30  Stalker x3  
  84  10:33  Pylon  
  90  10:40  Pylon  
  88  11:00  Stalker x2  
  88  11:03  Stalker  
  80  11:07  Probe  
Tags
 
Add a new tag
Caveats
  • Supply blocks, unpowered buildings, or Contaminate may cause inaccurate times.
  • Supply counts are checked every 10 seconds.